cohdb
Replays
Latest Replays
All Replays
Popular Replays
Top Player Replays
Match Explorer
How It Works
Community
CoH3 Stats
Reddit
Sign in to upload your games and track your stats! →
Sign in with Steam
Match 45300611
Unlisted
Match 45300611
Overview
Messages
Build Orders
End
Vickers Machine Gun Team
Construct Section Command Post
Dingo Light Scout Car
Infantry Section
Infantry Section
Infantry Section
Construct Platoon Command Post
CMP 15cwt Truck
CMP 15cwt Truck
Unlock Bishop Self-propelled Artillery
6-pounder Anti-tank Gun Team
Bishop Self-propelled Artillery
Bishop Self-propelled Artillery
CMP 15cwt Truck
Construct Company Command Post
Selects Heavy Armor Battlegroup
Selects Rigorous Vehicle Training
Selects Forward Repair Assembly
Selects UNKNOWN (2162094)
Selects Light Vehicle Withdraw and Refit
Selects Radio Net
Selects Recon Artillery
Recon Artillery
Churchill IV Heavy Tank
Churchill IV Heavy Tank
Recon Artillery
Royal Engineer Section
Recon Artillery
NO Problem Old Tie
Bubbciss
Chunow
象棋大师
【HAN】biabiabiabiabiabiabiabi
Andolas
raven182
聽取蛙聲一片
0
0
Comments
sign in to comment!
No comments posted yet!